 Dungeon Crawl Stone Soup version 0.29.1-12-g30fa7ad0bf (webtiles) character file.

Game seed: 9312120604198949902

12987 tkbsonic5 the Trooper (level 12, -4/86 (91) HPs)
             Began as a Human Wanderer on Jan 5, 2023.
             Was a Believer of the Shining One.
             Slain by a hell rat (5 damage)
             ... on level 2 of the Lair of Beasts on Jan 7, 2023.
             The game lasted 01:14:07 (15619 turns).

tkbsonic5 the Trooper (Human Wanderer)             Turns: 15619, Time: 01:14:08

HP:   -4/86 (91)    AC: 12    Str: 19    XL:     12   Next: 27%
MP:   1/6           EV: 14    Int: 15    God:    the Shining One [**....]
Gold: 720           SH: 13    Dex: 23    Spells: 1/20 levels left

rFire   . . .      SeeInvis .   y - +11 mace "Nonawopp" {antimagic, rPois Int+3}
rCold   . . .      Faith    .   (no shield)
rNeg    + . .      Spirit   .   F - +1 scale mail of Henotheism {Str+4 Dex+7}
rPois   +          Reflect  +   (helmet currently unavailable)
rElec   .          Harm     .   B - +0 cloak
rCorr   .          Rampage  .   j - +2 pair of gloves
Will    ++...                   (boots currently unavailable)
Stlth   +.........              p - amulet of reflection
HPRegen 0.24/turn               D - ring of wizardry
MPRegen 0.10/turn               E - ring of willpower

@: divinely shielded, appendages, wereblooded, glowing, drained
A: horns 2, talons 2, hooves 1, strong-willed 1
a: End Transformation, Renounce Religion, Divine Shield


You were on level 2 of the Lair of Beasts.
You worshipped the Shining One.
The Shining One was pleased with you.
You had temporarily grown beastly horns and talons.
You visited 2 branches of the dungeon, and saw 14 of its levels.

You collected 936 gold pieces.
You spent 216 gold pieces at shops.

Inventory:

Hand Weapons
 f - a +2 spectral quarterstaff
 h - a +0 short sword of venom
 m - a +0 sling
 y - the +11 mace "Nonawopp" (weapon) {antimagic, rPois Int+3}
   (You bought it in a shop on level 7 of the Dungeon)

   It reduces the magical energy of the wielder, and disrupts the spells and
   magical abilities of those it strikes.
   Natural abilities and divine invocations are not affected.
   Int:       It affects your intelligence (+3).
   rPois:     It protects you from poison.
Missiles
 e - a throwing net
 i - 25 poisoned darts
Armour
 a - a +0 cloak
 c - a +0 chain mail
 j - a +2 pair of gloves (worn)
 o - a +0 ring mail
 t - a +0 plate armour
 A - a +0 pair of boots (melded)
 B - a +0 cloak (worn)
 C - the +0 leather armour of Melancholy {rElec Str-3 Int+8 Dex-2}
   (You found it on level 6 of the Dungeon)

   Str:       It affects your strength (-3).
   Int:       It affects your intelligence (+8).
   Dex:       It affects your dexterity (-2).
   rElec:     It insulates you from electricity.
 F - the +1 scale mail of Henotheism (worn) {Str+4 Dex+7}
   (You acquired it on level 11 of the Dungeon)

   Str:       It affects your strength (+4).
   Dex:       It affects your dexterity (+7).
Jewellery
 k - a +6 ring of dexterity
 l - a ring of see invisible
 p - an amulet of reflection (around neck)
 q - a ring of positive energy
 D - a ring of wizardry (left hand)
 E - a ring of willpower (right hand)
Scrolls
 b - a scroll of silence
 d - 2 scrolls of identify
 g - a scroll of amnesia
 x - a scroll of magic mapping
Potions
 s - 2 potions of brilliance


   Skills:
 * Level 7.6 Fighting
 * Level 6.3(6.8) Maces & Flails
 - Level 3.8(5.6) Staves
 - Level 1.7 Ranged Weapons
 - Level 2.0 Throwing
 + Level 5.2 Armour
 + Level 6.3 Dodging
 * Level 4.5 Spellcasting
 * Level 3.8 Conjurations
 + Level 0.6 Hexes
 * Level 0.8 Summonings
 - Level 3.4 Necromancy
 - Level 2.0 Translocations
 + Level 3.4 Transmutations
 * Level 1.0 Fire Magic
 - Level 4.9 Air Magic
 - Level 5.1 Poison Magic
 + Level 5.7 Invocations
 - Level 4.7 Evocations


You had one spell level left.
You knew the following spells:

 Your Spells              Type           Power      Damage    Failure   Level
a - Conjure Flame         Conj/Fire      10%        6-21      21%         3
b - Poisonous Vapours     Pois/Air       36%        N/A       3%          2
c - Call Canine Familiar  Summ           5%         N/A       38%         3
d - Swiftness             Air            18%        N/A       8%          3
e - Blink                 Tloc           18%        N/A       13%         2
f - Wereblood             Tmut           13%        N/A       7%          2
g - Beastly Appendage     Tmut           26%        N/A       4%          1
h - Inner Flame           Hex/Fire       5%         N/A       38%         3

Your spell library contained the following spells:

 Spells                   Type           Power      Damage    Failure   Level
 Shock                    Conj/Air       64%        1d7       3%          1
 Foxfire                  Conj/Fire      40%        2x1d6     7%          1
 Spider Form              Tmut/Pois      16%        N/A       10%         3
 Lesser Beckoning         Tloc           9%         N/A       26%         3
 Corpse Rot               Necr/Pois/Air  16%        N/A       28%         4
 Portal Projectile        Hex/Tloc       14%        N/A       32%         3
 Flame Wave               Conj/Fire      10%        2d6       52%         4
 Alistair's Intoxication  Tmut/Pois      10%        N/A       63%         5
 Leda's Liquefaction      Hex/Erth       2%         N/A       82%         4
 Manifold Assault         Tloc           9%         N/A       90%         5
 Borgnjor's Vile Clutch   Necr/Erth      4%         N/A       92%         5
 Eringya's Noxious Bog    Tmut/Pois      8%         N/A       99%         6


Dungeon Overview and Level Annotations

Branches:
Dungeon (11/15)            Temple (0/1) D:5            Lair (3/5) D:11
    Orc (0/2) D:9
  Swamp: Lair:2-3    Shoals: Lair:2-3     Snake: Lair:2-3    Spider: Lair:2-3

Altars:
Cheibriados
Dithmenos
Elyvilon
Hepliaklqana
Kikubaaqudgha
Nemelex Xobeh
Qazlal
Ru
Sif Muna
Uskayaw
Vehumet
Xom
Yredelemnul
The Shining One

Shops:
D:7 (


Innate Abilities, Weirdness & Mutations

You have temporarily grown beastly horns and talons.
You have large cloven feet.
You are strong-willed. (Will+)


Message History

The komodo dragon is moderately wounded.
You block the black mamba's attack.
The black mamba bites you but does no damage.
The hell rat misses you. You block the komodo dragon's attack.
You hit the komodo dragon. You headbutt the komodo dragon.
The komodo dragon is heavily wounded.
The black mamba misses you. The hell rat bites you. You partially resist.
You feel drained. The black mamba bites you. The komodo dragon bites you!!
You sock the hell rat! You claw the hell rat.
The hell rat is heavily wounded.
The black mamba bites you. You block the hell rat's attack.
You block the black mamba's attack. The komodo dragon bites you.
You block the hell rat's attack.
Okay, then.
You feel better. You block the black mamba's attack. The black mamba bites you!
The hell rat bites you. You partially resist.
You feel drained. The komodo dragon misses you.
You hit the hell rat but do no damage.
You claw the hell rat, but do no damage.
Your headbutt misses the hell rat.
The hell rat is heavily wounded.
You block the black mamba's attack. You block the hell rat's attack.
The komodo dragon bites you!!
* * * LOW HITPOINT WARNING * * *
The black mamba barely misses you.
You hit the hell rat.
You claw the hell rat, but do no damage.
You headbutt the hell rat, but do no damage.
The hell rat is severely wounded.
The black mamba bites you but does no damage.
The hell rat bites you!
* * * LOW HITPOINT WARNING * * *
You partially resist.
You feel drained.
* * * LOW HITPOINT WARNING * * *
The komodo dragon bites you but does no damage.
The black mamba closely misses you. The hell rat barely misses you.
The hell rat bites you but does no damage.
The black mamba barely misses you. The hell rat bites you.
You die...

.#.......#...#..........###.....#
............................<....
..............)..................
.................................
..........#......................
..........................<......
................l................
................Sr........#......
................@........##....P#
.........###.#.#.##.###.#####.###
...#....## ########## ### ###
..##....# ..#.....# .[.....###
.........# ......#### .....##


You could see a komodo dragon, a black mamba and a hell rat.

Vanquished Creatures
  Gastronok (Lair:1)
  A two-headed ogre (D:10)
  Pikel (D:7)
  3 black mambas (Lair:2)
  A rime drake (Lair:1)
  3 cane toads (Lair:2)
  3 kobold demonologists (D:10)
  Maggie (D:8)
  Psyche (D:9)
  2 trolls
  A hornet (D:9)
  2 wraiths (D:10)
  3 wyverns
  16 yaks
  Grum (D:8)
  A steam dragon (D:6)
  2 water moccasins
  Duvessa (D:4)
  2 orc warriors
  An ice beast (D:7)
  5 wolves
  2 ogres (D:4)
  A centaur (D:10)
  4 kobold brigands
  2 lemures (D:7)
  A gnoll sergeant (D:9)
  9 bullfrogs
  A scorpion (D:7)
  Dowan (D:4)
  5 killer bees (D:9)
  An electric eel (D:6)
  2 howler monkeys (D:8)
  3 jellies
  3 crimson imps (D:3)
  3 bullfrog zombies (D:6)
  Crazy Yiuf (D:7)
  4 orc priests (D:7)
  5 hounds
  A gnoll bouda (D:10)
  An iguana (D:6)
  Ijyb (D:4)
  3 orc wizards (D:6)
  3 hell rats
  3 killer bee zombies (D:6)
  A mummy (D:9)
  15 gnolls
  6 adders
  A shadow imp (D:7)
  A white imp (D:6)
  2 worms
  3 dart slugs
  23 orcs
  4 bats
  8 endoplasms
  A giant cockroach (D:2)
  9 goblins
  7 hobgoblins
  2 quokkas
  3 ball pythons
  2 frilled lizards (D:1)
  15 kobolds
  2 rats
217 creatures vanquished.

Vanquished Creatures (others)
  6 fungi
  66 plants
72 creatures vanquished.

Grand Total: 289 creatures vanquished

Notes
Turn   | Place    | Note
-------+----------+-------------------------------------------
     0 | D:1      | tkbsonic5 the Human Wanderer began the quest for the Orb.
     0 | D:1      | tkbsonic5 set off with the following items: a +0 dagger, 2
                  | potions of lignification, a +0 chain mail; and the
                  | following spell memorised: Shock; and the following spells
                  | available to memorise: Swiftness.
     0 | D:1      | Reached XP level 1. HP: 15/15 MP: 2/2
   517 | D:1      | Reached XP level 2. HP: 21/21 MP: 3/3
  1262 | D:2      | Reached skill level 1 in Conjurations
  1267 | D:2      | Reached XP level 3. HP: 21/26 MP: 3/5
  1295 | D:2      | Learned a level 1 spell: Shock
  1298 | D:2      | Learned a level 2 spell: Poisonous Vapours
  1667 | D:2      | Found a shimmering altar of Xom.
  2284 | D:3      | Found a faded altar of an unknown god.
  2668 | D:3      | Reached XP level 4. HP: 32/32 MP: 2/6
  2913 | D:3      | Found a shimmering altar of Xom.
  2928 | D:3      | Reached skill level 1 in Dodging
  2941 | D:3      | Reached skill level 1 in Poison Magic
  2941 | D:3      | Reached XP level 5. HP: 26/38 MP: 5/7
  3199 | D:4      | Found a glowing golden altar of the Shining One.
  3212 | D:4      | Noticed Duvessa
  3212 | D:4      | Noticed Dowan
  3270 | D:4      | Noticed an ogre
  3434 | D:3      | Reached skill level 1 in Staves
  3568 | D:4      | Found a shimmering blue altar of Sif Muna.
  3631 | D:4      | Killed an ogre
  3632 | D:4      | Reached skill level 2 in Fighting
  3632 | D:4      | Reached skill level 1 in Ranged Weapons
  3632 | D:4      | Reached skill level 1 in Necromancy
  3632 | D:4      | Reached XP level 6. HP: 44/44 MP: 8/8
  3913 | D:4      | Noticed an ogre
  3918 | D:4      | Killed an ogre
  4121 | D:4      | Killed Duvessa
  4122 | D:4      | Reached XP level 7. HP: 16/51 MP: 4/10
  4367 | D:4      | Noticed Ijyb
  4375 | D:4      | Killed Ijyb
  4482 | D:4      | Killed Dowan
  4593 | D:4      | Became a worshipper of the Shining One
  4610 | D:5      | Entered Level 5 of the Dungeon
  4637 | D:5      | Found a staircase to the Ecumenical Temple.
  4918 | D:5      | Found a shadowy altar of Dithmenos.
  5448 | D:5      | Reached XP level 8. HP: 57/57 MP: 4/11
  5457 | D:5      | Reached skill level 3 in Fighting
  5724 | D:5      | Found a stormy altar of Qazlal.
  6547 | D:6      | Found a basalt altar of Yredelemnul.
  6561 | D:6      | Reached * piety under the Shining One
  6968 | D:6      | Identified the +0 leather armour of Melancholy {rElec Str-3
                  | Int+8 Dex-2}
  6996 | D:6      | Learned a level 5 spell: Alistair's Intoxication
  7000 | D:6      | Learned a level 3 spell: Swiftness
  7038 | D:6      | Reached XP level 9. HP: 65/65 MP: 13/13
  7621 | D:7      | Found a runed translucent door.
  7622 | D:7      | Noticed Crazy Yiuf
  7650 | D:7      | Noticed a +0 falchion
  7650 | D:7      | Noticed a +0 spear
  7651 | D:7      | Noticed a +0 spear
  7652 | D:7      | Noticed a +0 falchion
  7655 | D:7      | Noticed a +0 short sword
  7655 | D:7      | Noticed a +0 dagger
  7656 | D:7      | Noticed a +0 dagger
  7656 | D:7      | Noticed a +0 short sword
  7678 | D:7      | Reached skill level 4 in Fighting
  7678 | D:7      | Reached skill level 1 in Transmutations
  7790 | D:7      | Found a hide-covered altar of Uskayaw.
  7825 | D:7      | Found an ancient bone altar of Kikubaaqudgha.
  7863 | D:7      | Found a flagged portal.
  7897 | D:7      | Learned a level 2 spell: Blink
  7908 | D:7      | Identified the +1 leather armour "Luitz" {Str+8 Slay-5}
  7939 | D:7      | Found Cist's Antique Weapon Shoppe.
  7945 | D:7      | Bought an encrusted mace for 216 gold pieces
  7945 | D:7      | Identified the +11 mace "Nonawopp" {antimagic, rPois Int+3}
                  | (You bought it in a shop on level 7 of the Dungeon)
  8048 | D:7      | Reached skill level 1 in Maces & Flails
  8248 | D:7      | Reached skill level 1 in Invocations
  8679 | D:7      | Killed Crazy Yiuf
  8789 | D:8      | Noticed Maggie
  8796 | D:8      | Noticed Grum
  8797 | D:8      | Killed Maggie
  8864 | D:8      | Noticed Pikel
  9094 | D:7      | Killed Pikel
  9095 | D:7      | Reached skill level 5 in Fighting
  9095 | D:7      | Reached XP level 10. HP: 65/74 MP: 2/15
  9118 | D:7      | Gained mutation: You are strong-willed. (Will+) [potion of
                  | mutation]
  9118 | D:7      | Gained mutation: You have large cloven feet. [potion of
                  | mutation]
  9124 | D:8      | Killed Grum
  9358 | D:8      | Found a radiant altar of Vehumet.
  9363 | D:8      | Reached skill level 5 in Dodging
 10433 | D:9      | Noticed Psyche
 10434 | D:9      | Reached skill level 1 in Translocations
 10438 | D:9      | Found a snail-covered altar of Cheibriados.
 10671 | D:9      | Found a white marble altar of Elyvilon.
 10682 | D:9      | Found a sparkling altar of Nemelex Xobeh.
 10766 | D:9      | Found a staircase to the Orcish Mines.
 10818 | D:9      | Reached ** piety under the Shining One
 10841 | D:9      | Found a sacrificial altar of Ru.
 10885 | D:9      | Reached XP level 11. HP: 81/81 MP: 4/16
 10904 | D:9      | Killed Psyche
 10905 | D:9      | Reached skill level 6 in Fighting
 10910 | D:9      | Reached skill level 5 in Poison Magic
 11033 | D:9      | Learned a level 2 spell: Wereblood
 11035 | D:9      | Learned a level 1 spell: Beastly Appendage
 11506 | D:10     | Entered Level 10 of the Dungeon
 12041 | D:10     | Noticed a sixfirhy
 12198 | D:10     | Found a hazy altar of Hepliaklqana.
 12296 | D:10     | Noticed a two-headed ogre
 12308 | D:10     | Killed a two-headed ogre
 12309 | D:10     | Reached skill level 5 in Maces & Flails
 12471 | D:10     | Reached skill level 5 in Invocations
 12914 | D:11     | Reached skill level 7 in Fighting
 13046 | D:11     | Found a staircase to the Lair.
 13047 | D:11     | Identified a scroll of acquirement
 13047 | D:11     | Acquired the +1 scale mail of Henotheism {Str+4 Dex+7}
 13068 | Lair:1   | Entered Level 1 of the Lair of Beasts
 13247 | Lair:1   | Noticed Gastronok
 13308 | Lair:1   | Killed Gastronok
 13309 | Lair:1   | Reached skill level 5 in Armour
 13519 | Lair:1   | Noticed an eight-headed hydra
 14148 | Lair:2   | Reached XP level 12. HP: 49/91 MP: 1/18
 14577 | Lair:2   | Learned a level 3 spell: Conjure Flame
 14581 | Lair:2   | Learned a level 3 spell: Call Canine Familiar
 14585 | Lair:2   | Learned a level 3 spell: Inner Flame
 15021 | Lair:2   | Reached skill level 1 in Fire Magic
 15113 | Lair:2   | Identified the +0 robe of Lilacs {rPois Will+ Int+2 Dex+2}
 15617 | Lair:2   | HP: 2/88 [hell rat (13)]
 15619 | Lair:2   | Slain by a hell rat

Illustrated notes

Levels and vault maps discovered:
D:1:      dpeg_arrival_brainrot, layout_basic, minmay_unequal
D:2:      layout_rooms, basic_altar
D:3:      layout_rooms, led_xom_imps, serial_corexii_hall,
          corexii_hall_statues_t, corexii_hall_statues_x,
          corexii_hall_statues_i, corexii_hall_statues_x,
          chequers_hall_statues_y, corexii_hall_statues_l,
          shapermc_ecumenical_altar_acropolis, kennysheep_generic_room_2
D:4:      nicolae_cairo_tiling_large, layout_rooms, mainiacjoe_overflow_paths,
          kennysheep_little_box, uniq_ijyb, uniq_duvessa
D:5:      layout_layer_cave, nicolae_dithmenos_shadow_blocks,
          mainiacjoe_overflow_catwalk, temple_pool_b, gup_sewer_entry_glass,
          dreamdust_gnoll_farm
D:6:      layout_loops_cross, nicolae_yredelemnul_corpse_copse,
          chequers_big_river
D:7:      layout_basic, mainiacjoe_overflow_24_doors, nicolae_uskayaw_en_pointe,
          serial_shops, shop, enter_bailey_6, uniq_crazy_yiuf_cottage
D:8:      layout_cave_pools, vehumet_altar_wand_db, serial_park,
          serial_park_tiny_pond, serial_park_square1
          [serial_park_minivault_5x5_1], serial_park_square1
          [serial_park_minivault_5x5_2], uniq_maggie, uniq_pikel, uniq_grum
D:9:      layout_rooms, slow_altar_1, mainiacjoe_overflow_brackets,
          amethyst_overflow_temple_binary, orc_0_dummy, lemuel_flamethrower_2,
          uniq_psyche
D:10:     layout_irregular_city, mainiacjoe_overflow_small_starburst
D:11:     layout_loops_ring, lair_entry_dummy, nicolae_ru_path_of_blood,
          uniq_sonja
Lair:1:   layout_roguey, serial_bayou, serial_bayou_lagoon_a,
          serial_bayou_lake_a, serial_bayou_shore_b, serial_bayou_ford_a,
          infiniplex_staircase_pool_2, uniq_joseph, uniq_gastronok
Lair:2:   layout_hall_layers
Lair:3:   layout_loops_ring, palyth_hydra_swamp_entry,
          minmay_snake_entry_guardpost_medium, gammafunk_ghost_cemetery,
          serial_bayou_pond_c, hibernation_bobbens

Skill      XL: |  1  2  3  4  5  6  7  8  9 10 11 12 |
---------------+-------------------------------------+-----
Conjurations   | 1 2 3 |  3.8
Dodging        | 1 2 3 4 5 6 |  6.3
Poison Magic   | 1 2 3 4 5 |  5.1
Staves         | 1 2 3 |  3.8
Fighting       | 2 3 5 7 |  7.6
Ranged Weapons | 1 |  1.7
Necromancy     | 1 2 3 |  3.4
Air Magic      | 3 4 |  4.9
Spellcasting   | 2 3 4 |  4.5
Transmutations | 2 3 |  3.4
Maces & Flails | 3 4 6 |  6.3
Evocations     | 3 4 |  4.7
Invocations    | 2 4 5 |  5.7
Translocations | 1 2 |  2.0
Armour         | 5 |  5.2
Throwing       | 2 |  2.0
Fire Magic     | 1 |  1.0
Hexes          | |  0.6
Summonings     | |  0.8

Action                   |  1- 3 |  4- 6 |  7- 9 | 10-12 || total
-------------------------+-------+-------+-------+-------++-------
Melee: Whip              |    87 |       |       |       ||    87
       Dagger            |    16 |       |       |       ||    16
       Quarterstaff      |    10 |    49 |   156 |       ||   215
       Mace              |       |       |    54 |   280 ||   334
       Punch             |       |       |     1 |     9 ||    10
       Kick              |       |       |       |    23 ||    23
       Headbutt          |       |       |       |    12 ||    12
 Fire: Sling             |    13 |     3 |       |       ||    16
Throw: Dart              |       |       |       |    40 ||    40
       Throwing net      |       |       |       |     3 ||     3
 Cast: Shock             |    15 |    12 |     7 |    13 ||    47
       Poisonous Vapours |       |       |    41 |    14 ||    55
       Beastly Appendage |       |       |       |    12 ||    12
       Wereblood         |       |       |       |     3 ||     3
Invok: Divine Shield     |       |       |     4 |     6 ||    10
Evoke: Wand              |       |       |    26 |   108 ||   134
  Use: Scroll            |     8 |     2 |     5 |    16 ||    31
       Potion            |     7 |     3 |     5 |     9 ||    24
 Stab: Sleeping          |     1 |       |       |       ||     1
Armor: Chain mail        |    33 |       |       |       ||    33
       Skin              |     7 |       |       |       ||     7
       Ring mail         |    13 |     7 |    35 |    19 ||    74
       Leather armour    |       |       |    15 |       ||    15
       Plate armour      |       |       |       |    62 ||    62
       Scale mail        |       |       |       |    40 ||    40
Dodge: Dodged            |    40 |    19 |    97 |   171 ||   327
Block: Other             |     2 |     7 |    60 |    88 ||   157
       Reflection        |       |       |     1 |       ||     1
